 Dungeon Crawl Stone Soup version 0.19-a0-1937-g70ed36a (webtiles) character file.

290 JeffiDaFish the Chopper (level 6, -12/52 HPs)
             Began as a Hill Orc Fighter on Oct 27, 2016.
             Mangled by an ogre
             ... wielding a +0 giant spiked club
              (13 damage)
             ... on level 4 of the Dungeon.
             The game lasted 00:10:02 (2610 turns).

JeffiDaFish the Chopper (Hill Orc Fighter)          Turns: 2610, Time: 00:10:04

Health: -12/52     AC: 11    Str: 19 (21) XL:     6   Next: 32%
Magic:  6/6        EV:  3    Int:  7 (8)  God:
Gold:   94         SH: 10    Dex:  8 (10) Spells: 0 memorised, 5 levels left

rFire  . . .     SeeInvis .     n - +2 hand axe (chop)
rCold  . . .     Gourm    .     g - +0 plate armour
rNeg   . . .     Faith    .     c - +1 shield
rPois  .         Spirit   .     (no helmet)
rElec  .         Reflect  .     (no cloak)
rCorr  .         Harm     .     (no gloves)
MR     .....                    (no boots)
Stlth  ..........               (no amulet)
                                (no ring)
                                (no ring)

@: no status effects
A: deterioration 1
a: no special abilities


You were on level 4 of the Dungeon.
You were not hungry.

You visited 1 branch of the dungeon, and saw 4 of its levels.

You collected 94 gold pieces.

Inventory:

Hand Weapons
 a - a +0 war axe
 n - a +2 hand axe of chopping (weapon)
Armour
 b - a +0 scale mail
 c - a +1 shield (worn)
 g - a +0 plate armour (worn)
Scrolls
 e - 2 scrolls of remove curse
 k - a scroll of identify
Potions
 d - a potion of might
 i - a potion of curing
 m - a potion of agility
Comestibles
 f - 4 bread rations
 h - 8 chunks of flesh
 j - a meat ration
 l - a royal jelly
 o - a beef jerky


   Skills:
 + Level 4.3 Fighting
 + Level 6.3 Axes
 + Level 4.2 Armour
 + Level 0.1 Dodging
 + Level 4.5 Shields


You had 5 spell levels left.
You didn't know any spells.

Dungeon Overview and Level Annotations

Branches:
Dungeon (4/15)
 Temple: D:4-7

Altars:


Innate Abilities, Weirdness & Mutations

Your body sometimes deteriorates upon taking damage.


Message History

The ogre hits you with a giant spiked club!
The giant cockroach bites you but does no damage.
The adder skeleton completely misses you.
You hit the ogre.
The ogre is severely wounded.
You hit the adder skeleton but do no damage.
You hit the giant cockroach.
The ogre hits you with a giant spiked club!!
* * * LOW HITPOINT WARNING * * *
Your body deteriorates!
You feel dopey.
The giant cockroach bites you but does no damage.
You block the adder skeleton's attack.
Your shield and plate armour prevent you from hitting the ogre.
The ogre is severely wounded.
You hit the adder skeleton.
Your plate armour prevents you from hitting the giant cockroach.
The giant cockroach bites you but does no damage.
The adder skeleton bites you but does no damage.
The ogre hits you with a giant spiked club!
You die...

.#.
..........#####.#
#.#.
...#............#
...##.###.#######
...##.....(..#
......[......#
######.......#
....##.......#
.............#
.......@#.####
......sOZ.#
.......(..#
.....###..# ##...
..? #... .... #..
.#... #. .#....


You could see an ogre, a giant cockroach and an adder skeleton.

Vanquished Creatures
  A centaur skeleton (D:4)
  Ijyb (D:2)
  Jessica (D:2)
  Natasha (twice) (D:2)
  A worker ant (D:4)
  A hound skeleton (D:4)
  3 gnolls (D:3)
  3 adders
  2 oozes
  2 worms
  2 dart slugs
  3 leopard geckos
  An orc (D:4)
  2 giant cockroaches
  3 goblins
  2 hobgoblins
  9 jackals
  3 kobolds
  2 quokkas
  4 bats
  5 frilled lizards
  3 rats
56 creatures vanquished.

Notes
Turn   | Place    | Note
-------+----------+-------------------------------------------
     0 | D:1      | JeffiDaFish the Hill Orc Fighter began the quest for the Orb.
     0 | D:1      | Reached XP level 1. HP: 19/19 MP: 1/1
   381 | D:1      | Reached XP level 2. HP: 26/27 MP: 2/2
   692 | D:1      | Reached skill level 3 in Axes
   955 | D:2      | Noticed Jessica
   961 | D:2      | Killed Jessica
   961 | D:2      | Reached XP level 3. HP: 33/33 MP: 3/3
   973 | D:2      | Gained mutation: You possess an exceptional clarity of mind. [potion of mutation]
   973 | D:2      | Lost mutation: You possess an exceptional clarity of mind. [potion of mutation]
   973 | D:2      | Gained mutation: Your body sometimes deteriorates upon taking damage. [potion of mutation]
  1110 | D:2      | Noticed Ijyb
  1122 | D:2      | Killed Ijyb
  1122 | D:2      | Reached skill level 4 in Axes
  1122 | D:2      | Reached XP level 4. HP: 35/40 MP: 4/4
  1284 | D:2      | Noticed Natasha
  1292 | D:2      | Killed Natasha
  1593 | D:2      | Noticed Natasha
  1600 | D:2      | Killed Natasha
  1600 | D:2      | Reached skill level 5 in Axes
  1600 | D:2      | Reached XP level 5. HP: 46/46 MP: 5/5
  2490 | D:4      | Reached XP level 6. HP: 40/52 MP: 6/6
  2513 | D:4      | Reached skill level 6 in Axes
  2609 | D:4      | HP: 1/52 [ogre/giant spiked club (19)]
  2610 | D:4      | Mangled by an ogre

Vault maps used:
D:1:      roderic_chinese_lattice_arrival
D:2:      uniq_iyjb, uniq_jessica, uniq_natasha
D:4:      first_bread

Skill      XL: |  1  2  3  4  5  6 |
---------------+-------------------+-----
Axes           | 3 4 5 6 |  6.3
Fighting       | 4 |  4.3
Shields        | 4 |  4.5
Armour         | 4 |  4.2
Dodging        | |  0.1

Action                   |  1- 3 |  4- 6 || total
-------------------------+-------+-------++-------
Melee: War axe           |    83 |   110 ||   193
       Hand axe          |       |    49 ||    49
  Use: Potion            |     4 |     4 ||     8
       Scroll            |     3 |     6 ||     9
  Eat: Chunk             |     1 |     5 ||     6
Armor: Plate armour      |    89 |   105 ||   194
Dodge: Dodged            |    12 |    25 ||    37
Block: Shield            |    53 |    89 ||   142
